 Dungeon Crawl Stone Soup version 0.30-a0-715-gdb4ae3ece1 (webtiles) character file.

Game seed: 15798786588396726687

447 Dittersdorf the Shield-Bearer (level 7, -11/44 HPs)
             Began as a Gargoyle Fighter on Jan 23, 2023.
             Mangled by an ice beast (16 damage)
             ... on level 5 of the Dungeon.
             The game lasted 00:07:46 (3243 turns).

Dittersdorf the Shield-Bearer (Gargoyle Fighter)    Turns: 3243, Time: 00:07:47

Health: -11/44     AC: 15    Str: 21    XL:     7   Next: 3%
Magic:  7/7        EV:  9    Int:  9    God:
Gold:   957        SH:  5    Dex:  9    Spells: 6/6 levels left

rFire   + . .      SeeInvis .    a - +1 flail
rCold   . . .      Faith    .    c - +0 buckler
rNeg    + . .      Spirit   .    b - +0 scale mail
rPois   ∞          Reflect  .    (no helmet)
rElec   +          Harm     +    (no cloak)
rCorr   .          Rampage  .    (no gloves)
Will    +++..                    i - +2 pair of boots of the Guardian {Harm Will+++ Regen+ Slay-2} Stlth
                                 t - amulet of the acrobat
HPRegen 1.07/turn                e - ring of protection from fire
MPRegen 0.10/turn                (no ring)

@: studying 2 skills
A: sickness immunity, AC +4, negative energy resistance 1, electricity
resistance, torment resistance 1, petrification resistance
a: no special abilities


You were on level 5 of the Dungeon.
You visited 2 branches of the dungeon, and saw 6 of its levels.

You collected 957 gold pieces.

Inventory:

Hand Weapons
 a - a +1 flail (weapon)
Armour
 b - a +0 scale mail (worn)
 c - a +0 buckler (worn)
 i - the +2 pair of boots of the Guardian (worn) {Harm Will+++ Regen+ Slay-2}
   (You acquired it on level 4 of the Dungeon)

   Slay:      It affects your accuracy & damage with ranged weapons and melee
   (-2).
   Regen:     It increases your rate of health regeneration.
   Harm:      It increases damage dealt and taken.
   Will:      It greatly increases your willpower.
Jewellery
 e - a ring of protection from fire (left hand)
 h - a ring of ice
 p - a ring of wizardry
 t - an amulet of the acrobat (around neck)
 y - an amulet of magic regeneration
Scrolls
 f - a scroll of enchant weapon
 g - a scroll of identify
 j - a scroll of teleportation
 l - a scroll of magic mapping
 v - a scroll of fog
Potions
 d - 2 potions of might
 m - a potion of mutation
 o - a potion of ambrosia {unknown}
 r - 4 potions of curing {unknown}
 z - a potion of heal wounds {unknown}
 B - a potion of magic {unknown}


   Skills:
 + Level 5.1 Fighting
 + Level 4.0 Maces & Flails
 + Level 5.1 Armour
 + Level 5.6 Shields


You had 6 spell levels left.
You didn't know any spells.
Your spell library was empty.

Dungeon Overview and Level Annotations

Branches:
Dungeon (5/15)             Temple (1/1) D:5

Altars:
Dithmenos
Elyvilon
Gozag
Kikubaaqudgha
Makhleb
Qazlal
Ru
Trog
Uskayaw
Wu Jian
Xom
Yredelemnul
The Shining One

Shops:
D:1 :


Innate Abilities, Weirdness & Mutations

You are immune to sickness and miasma.
Your stone body is resilient. (AC +4)
You are immune to poison.
You resist negative energy. (rN+)
You are resistant to electric shocks. (rElec)
You are resistant to unholy torment.
You are immune to petrification.


Message History

The curare-tipped dart barely misses the ice beast.
The ice beast barely misses you.
Throw: 5 darts (curare)
Press: ? - help, Q - select action Shift-Dir - straight line, f/p - ice beast
Aim: an ice beast (moderately wounded, 52% to hit)
You throw a curare-tipped dart.
The curare-tipped dart hits the ice beast.
The ice beast is moderately wounded.
The ice beast barely misses you.
Throw: 4 darts (curare)
Press: ? - help, Q - select action Shift-Dir - straight line, f/p - ice beast
Aim: an ice beast (moderately wounded, 52% to hit)
You throw a curare-tipped dart.
The curare-tipped dart barely misses the ice beast.
The ice beast hits you. The ice beast freezes you!
* * * LOW HITPOINT WARNING * * *
Throw: 3 darts (curare)
Press: ? - help, Q - select action Shift-Dir - straight line, f/p - ice beast
Aim: an ice beast (moderately wounded, 52% to hit)
You throw a curare-tipped dart.
The curare-tipped dart barely misses the ice beast.
You block the ice beast's attack.
You see here an iguana corpse.
Throw: 2 darts (curare)
Press: ? - help, Q - select action Shift-Dir - straight line, f/p - ice beast
Aim: an ice beast (moderately wounded, 52% to hit)
You throw a curare-tipped dart.
The curare-tipped dart hits the ice beast.
The ice beast is moderately wounded.
The ice beast hits you but does no damage.
Throw: dart (curare)
Press: ? - help, Q - select action Shift-Dir - straight line, f/p - ice beast
Aim: an ice beast (moderately wounded, 52% to hit)
You throw a curare-tipped dart.
The curare-tipped dart hits the ice beast.
The ice beast is moderately wounded.
The ice beast hits you.
* * * LOW HITPOINT WARNING * * *
The ice beast freezes you!
You die...

.###..##.#....#.(....#
##*#.###..#####......# # #..*
##.# #......# #.#* #.#
##.###.#******* * #.* #.## #.#
*,,,,,,,,* **#.* #..## #(#
*,...,,,,* ,*#,* ##..## #.#
*,...,,,,*
,.#.#######..###Y#**....,,,,*
,........###...#@#*.....,,,,*
,.........####.#.##.....,,,,*
,..........# #...........,,,*
,..........####..........,,,*
,................#.......,,,*
,................#.......,,,*
,..............#.#.#.....,,,**
?...............###......,,,,*
,............#...#...#..,,,,,*


You could see an ice beast.

Vanquished Creatures
  2 scorpions
  A hound (D:5)
  A jelly (D:4)
  2 iguanas (D:5)
  7 adders
  4 gnolls (D:4)
  A shadow imp (D:5)
  A white imp (D:5)
  4 worms
  2 dart slugs
  5 orcs (D:4)
  3 ball pythons
  9 bats
  7 endoplasms
  2 giant cockroaches
  7 goblins
  5 hobgoblins
  7 jackals
  2 quokkas
  4 frilled lizards
  8 kobolds
  8 rats
92 creatures vanquished.

Notes
Turn   | Place    | Note
-------+----------+-------------------------------------------
     0 | D:1      | Dittersdorf the Gargoyle Fighter began the quest for the
                  | Orb.
     0 | D:1      | Reached XP level 1. HP: 14/14 MP: 1/1
   132 | D:1      | Reached XP level 2. HP: 10/19 MP: 2/2
   436 | D:1      | Found Pecs's Book Boutique.
   639 | D:1      | Reached XP level 3. HP: 21/23 MP: 3/3
  1036 | D:2      | Reached XP level 4. HP: 29/29 MP: 4/4
  1885 | D:3      | Reached XP level 5. HP: 33/33 MP: 5/5
  2252 | D:4      | Identified 3 scrolls of acquirement
  2252 | D:4      | Acquired a manual of Shields
  2254 | D:4      | Acquired 743 gold pieces
  2256 | D:4      | Acquired the +2 pair of boots of the Guardian {Harm Will+++
                  | Regen+ Slay-2}
  2466 | D:4      | Reached XP level 6. HP: 39/39 MP: 6/6
  2544 | D:4      | Found a basalt altar of Yredelemnul.
  2968 | D:5      | Entered Level 5 of the Dungeon
  3013 | D:5      | Reached skill level 5 in Shields
  3048 | D:5      | Reached skill level 5 in Armour
  3053 | D:5      | Identified the +3 long sword of Ascent {flame, Int+3 SInv
                  | Stlth+}
  3086 | D:5      | Found a staircase to the Ecumenical Temple.
  3101 | D:5      | Reached skill level 5 in Fighting
  3102 | D:5      | Reached XP level 7. HP: 10/44 MP: 7/7
  3146 | Temple   | Entered the Ecumenical Temple
  3243 | D:5      | Mangled by an ice beast

Illustrated notes

Levels and vault maps discovered:
D:1:      grunt_arrival_lava_bath, layout_loops_ring, serial_shops,
          nicolae_shop_advertising_works [nicolae_subvault_shop_adworks],
          nrook_mini_vaults
D:2:      layout_loops_ring, grunt_ministairs_1, minmay_close_crescents
D:3:      layout_loops_cross
D:4:      layout_basic, overflow_temple_1_default, minmay_manual_monolith
D:5:      layout_rooms, minitemple, minmay_temple_entry_arrows, serial_shops,
          shop, uniq_ijyb
Temple:   nicolae_temple_ecumenical_triangle

Skill      XL: |  1  2  3  4  5  6 |
---------------+-------------------+-----
Fighting       | 4 5 |  5.1
Armour         | 4 5 |  5.1
Shields        | 4 5 |  5.6
Maces & Flails | 3 4 |  4.0

Action                     |  1- 3 |  4- 6 |  7- 9 || total
---------------------------+-------+-------+-------++-------
  Melee: Flail             |   139 |   217 |    12 ||   368
  Throw: Dart              |       |     1 |     6 ||     7
    Use: Scroll            |       |    15 |       ||    15
 Armour: Scale mail        |    95 |   131 |     6 ||   232
  Dodge: Dodged            |    85 |   135 |     7 ||   227
  Block: Buckler           |    34 |    45 |     6 ||    85

Table legend: (Time is in decaauts)
 A = Elapsed time spent in this place.
 B = Non-inter-level travel time spent in this place.
 C = Inter-level travel time spent in this place.
 D = Time resting spent in this place.
 E = Time spent auto-exploring this place.
 F = Levels seen in this place.
 G = Mean time per level.
                   A        B        C        D        E       F      G
               +--------+--------+--------+--------+--------+-----+--------+
         Total |   3351 |   3224 |    127 |    120 |   2174 |   6 |  558.5 |
       Dungeon |   3305 |   3187 |    118 |    120 |   2144 |   5 |  661.0 |
        Temple |     46 |     37 |      9 |      0 |     30 |   1 |   46.0 |
               +--------+--------+--------+--------+--------+-----+--------+

Top non-repeatable levels by time:
     D:4: 849 daAuts
     D:2: 814 daAuts
     D:1: 785 daAuts
     D:3: 625 daAuts
     D:5: 230 daAuts
  Temple: 46 daAuts
